 Dungeon Crawl Stone Soup version 0.27-a0-1519-gc8121b2 (webtiles) character file.

Game seed: 1731117715330730426

2751 Illumine the Grappler (level 9, -1/88 HPs)
             Began as a Troll Monk on July 9, 2021.
             Killed from afar by an electric eel (14 damage)
             ... with a bolt of electricity
             ... on level 7 of the Dungeon on July 10, 2021.
             The game lasted 00:07:14 (5300 turns).

Illumine the Grappler (Troll Monk)                  Turns: 5300, Time: 00:07:15

Health: -1/88      AC:  4    Str: 24    XL:     9   Next: 41%
Magic:  8/8        EV: 11    Int: 12    God:
Gold:   321        SH:  5    Dex: 12    Spells: 8/8 levels left

rFire    . . .     SeeInvis .     - Unarmed
rCold    . . .     Faith    .   (no shield)
rNeg     . . .     Spirit   .   a - +0 robe
rPois    .         Reflect  +   (helmet restricted)
rElec    .         Harm     .   (no cloak)
rCorr    .         Rampage  .   (gloves unavailable)
Will     .....                  (boots unavailable)
Stlth    ++........             l - amulet of reflection
HPRegen  1.24/turn              h - +6 ring of intelligence
MPRegen  0.11/turn              c - ring of flight

@: about to teleport, flying
A: large, unfitting armour, claws 3, regeneration 1, shaggy fur 1, tough skin 1
a: no special abilities


You were on level 7 of the Dungeon.
You visited 2 branches of the dungeon, and saw 8 of its levels.

You collected 321 gold pieces.

Inventory:

Hand Weapons
 s - a +0 giant spiked club
Missiles
 p - 3 javelins (quivered)
 w - a throwing net
Armour
 a - a +0 robe (worn)
Jewellery
 c - a ring of flight (right claw)
 h - a +6 ring of intelligence (left claw)
 l - an amulet of reflection (around neck)
Wands
 g - a wand of polymorph (12)
 r - a wand of mindburst (16)
 x - a wand of digging (1)
Scrolls
 b - a scroll of teleportation
 d - a scroll of vulnerability {unknown}
 f - a scroll of enchant weapon {unknown}
 m - a scroll of amnesia
 q - a scroll of identify {unknown}
 v - a scroll of magic mapping {unknown}
Potions
 e - 3 potions of curing {unknown}
 i - 3 potions of brilliance {unknown}
 j - a potion of resistance {unknown}
 k - 2 potions of flight {unknown}
 n - a potion of lignification {unknown}
 o - 2 potions of degeneration {unknown}
 t - a potion of might {unknown}
 u - a potion of attraction {unknown}


   Skills:
 + Level 5.0 Fighting
 + Level 3.8 Throwing
 + Level 5.0 Dodging
 - Level 1.0 Stealth
 * Level 10.0 Unarmed Combat


You had 8 spell levels left.
You didn't know any spells.
Your spell library contained the following spells:

 Spells                   Type           Power      Damage    Failure   Level
 Freeze                   Ice            0%         1d3       32%         1
 Slow                     Hex            0%         N/A       45%         2
 Confusing Touch          Hex            0%         N/A       69%         3
 Frozen Ramparts          Ice            0%         1d2       69%         3
 Inner Flame              Hex/Fire       0%         N/A       69%         3
 Stone Arrow              Conj/Erth      0%         3d7       69%         3
 Animate Armour           Summ/Erth      0%         N/A       97%         4
 Cause Fear               Hex            0%         N/A       97%         4
 Hailstorm                Conj/Ice       0%         3d3       97%         4
 Yara's Violent Unravell  Hex/Tmut       0%         3d3       100%        5
 Discord                  Hex            0%         N/A       100%        8
 Lehudib's Crystal Spear  Conj/Erth      0%         10d2      100%        8


Dungeon Overview and Level Annotations

Branches:
Dungeon (7/15)             Temple (1/1) D:4

Altars:
Cheibriados
Gozag
Makhleb
Qazlal
Sif Muna
Trog
Zin

Shops:
D:1 ?   D:3 ?


Innate Abilities, Weirdness & Mutations

You are too large for most types of armour.
You have claws for hands.
Your natural rate of healing is unusually fast.
You are covered in fur. (AC +1)
You have tough skin. (AC +1)


Message History

You scratch the electric eel.
The electric eel is moderately wounded.
The electric eel shoots out a bolt of lightning at you!
The bolt of electricity hits the electric eel.
The electric eel completely resists.
The bolt of electricity hits you!
The electric eel shoots out a bolt of lightning at you!
The bolt of electricity misses you. The bolt of electricity hits you!
The bolt of electricity hits the electric eel.
The electric eel completely resists.
You closely miss the electric eel.
The electric eel is moderately wounded.
You block the howler monkey skeleton's attack.
The electric eel shoots out a bolt of lightning at you!
The bolt of electricity hits you!
* * * LOW HITPOINT WARNING * * *
The bolt of electricity hits you!
* * * LOW HITPOINT WARNING * * *
The bolt of electricity hits the electric eel.
The electric eel completely resists.
The killer bee buzzes angrily.
You scratch the electric eel.
The electric eel is severely wounded.
You hear an angry buzzing noise.
A killer bee comes into view.
The howler monkey skeleton barely misses you.
The killer bee buzzes angrily.
You scratch the electric eel.
The electric eel is severely wounded.
The howler monkey skeleton hits you but does no damage.
You claw the electric eel!
You kill the electric eel!
You hear a splash.
A killer bee comes into view.
The howler monkey skeleton closely misses you.
The killer bee closely misses you.
As you read the scroll of teleportation, it crumbles to dust.
You feel strangely unstable. The killer bee closely misses you.
The electric eel shoots out a bolt of lightning at you!
The bolt of electricity hits you!
You die...

###### #....### ####
###.#....# ####...###
....#....# ####....$....
.#..###..###........≈≈≈.
.#.............Z@≈≈≈≈#
.###.#..####..≈≈y≈#≈≈≈≈.
.....#...# #..≈#≈≈y≈#≈≈≈
#.#..###.# #..≈≈≈#≈≈≈≈#≈
..#.......##..$≈≈≈≈#≈≈≈≈
..###.#........≈#≈≈≈≈#≈≈
......# .......≈≈y#≈≈≈ #
##.#..# #.).#[..≈≈≈;#≈≈
. .# ... #


You could see 3 killer bees, an electric eel and a howler monkey skeleton.

Vanquished Creatures
  9 yaks
  A water moccasin (D:5)
  An orc warrior (D:6)
  A sky beast (D:5)
  An ogre (D:4)
  2 centaurs
  A kobold brigand (D:6)
  A bullfrog (D:7)
  2 scorpions (D:5)
  An electric eel (D:7)
  2 howler monkeys
  2 centaur zombies
  A bullfrog zombie (D:6)
  A bullfrog skeleton (D:4)
  2 orc priests (D:4)
  2 hounds
  2 iguanas
  2 orc wizards
  A hound skeleton (D:5)
  3 gnolls (D:6)
  6 adders
  2 white imps
  A worm (D:2)
  A dart slug (D:1)
  7 orcs
  7 bats
  8 endoplasms
  2 giant cockroaches
  8 goblins
  8 hobgoblins
  15 jackals
  5 quokkas
  7 ball pythons
  3 frilled lizards
  14 kobolds
  8 rats
140 creatures vanquished.

Vanquished Creatures (others)
  2 plants (D:3)
2 creatures vanquished.

Grand Total: 142 creatures vanquished

Notes
Turn   | Place    | Note
-------+----------+-------------------------------------------
     0 | D:1      | Illumine the Troll Monk began the quest for the Orb.
     0 | D:1      | Reached XP level 1. HP: 22/22 MP: 0/0
   191 | D:1      | Reached XP level 2. HP: 29/29 MP: 1/1
   233 | D:1      | Found Palar's Magic Scroll Emporium.
   473 | D:1      | Reached skill level 4 in Unarmed Combat
   754 | D:1      | Reached XP level 3. HP: 35/36 MP: 2/2
  1227 | D:2      | Found a faded altar of an unknown god.
  1459 | D:3      | Found a shimmering blue altar of Sif Muna.
  1515 | D:3      | Reached XP level 4. HP: 44/44 MP: 3/3
  1533 | D:3      | Found a snail-covered altar of Cheibriados.
  1544 | D:3      | Reached skill level 5 in Unarmed Combat
  1709 | D:3      | Found a stormy altar of Qazlal.
  1821 | D:3      | Found Oniwkos's Magic Scroll Emporium.
  1963 | D:3      | Found a bloodstained altar of Trog.
  2041 | D:3      | Noticed a centaur
  2047 | D:3      | Killed a centaur
  2048 | D:3      | Reached skill level 6 in Unarmed Combat
  2048 | D:3      | Reached XP level 5. HP: 32/50 MP: 4/4
  2584 | D:4      | Noticed an ogre
  2585 | D:4      | Noticed an ogre
  2825 | D:4      | Found a staircase to the Ecumenical Temple.
  2873 | D:4      | Noticed a yak
  2878 | D:4      | Noticed a yak
  2879 | D:4      | Killed a yak
  2880 | D:4      | Reached skill level 7 in Unarmed Combat
  2880 | D:4      | Reached XP level 6. HP: 44/59 MP: 5/5
  2880 | D:4      | Noticed a yak
  2880 | D:4      | Noticed a yak
  2881 | D:4      | Noticed a yak
  3021 | D:5      | Entered Level 5 of the Dungeon
  3103 | D:5      | Reached XP level 7. HP: 67/67 MP: 6/6
  3481 | D:5      | Reached skill level 8 in Unarmed Combat
  3548 | D:5      | Reached skill level 1 in Throwing
  3707 | D:6      | Noticed a yak
  3707 | D:6      | Noticed a yak
  3707 | D:6      | Noticed a yak
  3707 | D:6      | Noticed a yak
  3720 | D:5      | Killed a yak
  3721 | D:5      | Reached XP level 8. HP: 68/78 MP: 7/7
  3751 | D:6      | Reached skill level 9 in Unarmed Combat
  4185 | Temple   | Entered the Ecumenical Temple
  4245 | D:4      | Reached XP level 9. HP: 53/85 MP: 8/8
  4403 | D:6      | Found a glowing silver altar of Zin.
  4770 | D:6      | Reached skill level 5 in Dodging
  4797 | D:6      | Found an opulent altar of Gozag.
  4846 | D:6      | Reached skill level 5 in Fighting
  4846 | D:6      | Reached skill level 10 in Unarmed Combat
  5300 | D:7      | Killed from afar by an electric eel

Illustrated notes

Levels and vault maps discovered:
D:1:      saegor_arrival_simple_e, layout_loops_corners, serial_shops, shop
D:2:      layout_basic, ebering_ecumenical_altar_petrified, minmay_pentomino_z2
D:3:      layout_loops_ring, mainiacjoe_overflow_cross_hatched,
          mainiacjoe_overflow_24_doors, marbit_many_paths,
          mainiacjoe_overflow_concentric_impassable, serial_forest,
          infiniplex_forest_straight_3, infiniplex_forest_lined_1,
          infiniplex_forest_end_3, infiniplex_forest_split,
          infiniplex_forest_straight_3, infiniplex_forest_end_1,
          infiniplex_forest_clump_long, infiniplex_forest_clump_diagonal,
          serial_shops, nicolae_shop_crystal, solitary_fountain
D:4:      layout_loops_corners, temple_hall, grunt_ministairs_9
D:5:      layout_loops_ring, minmay_large_rounded_square, dk_rats_in_the_wall
D:6:      layout_basic, pdpol_temple_overflow_zin_treasury_gozag_greed,
          chequers_jeans
D:7:      layout_rooms, kennysheep_mini, nicolae_ashenzari_skybound,
          nicolae_lava_and_water, hangedman_decor_points, minmay_manual_mail,
          uniq_pikel
Temple:   eino_wide_crystal_templ

Skill      XL: |  1  2  3  4  5  6  7  8  9 |
---------------+----------------------------+-----
Unarmed Combat | 4 6 7 8 9 10 | 10.0
Fighting       | 3 4 5 |  5.0
Dodging        | 3 4 5 |  5.0
Throwing       | 1 3 |  3.8
Stealth        | |  1.0

Action                   |  1- 3 |  4- 6 |  7- 9 || total
-------------------------+-------+-------+-------++-------
Melee: Unarmed           |   101 |   114 |   152 ||   367
       Punch             |       |     1 |     8 ||     9
  Use: Scroll            |       |     3 |     1 ||     4
 Stab: Sleeping          |     7 |     2 |       ||     9
Armor: Robe              |    34 |    29 |    28 ||    91
Dodge: Dodged            |    34 |    66 |    50 ||   150
Block: Other             |       |       |    25 ||    25

Table legend: (Time is in decaauts)
 A = Elapsed time spent in this place.
 B = Non-inter-level travel time spent in this place.
 C = Inter-level travel time spent in this place.
 D = Time resting spent in this place.
 E = Time spent auto-exploring this place.
 F = Levels seen in this place.
 G = Mean time per level.
                   A        B        C        D        E       F      G
               +--------+--------+--------+--------+--------+-----+--------+
         Total |   5257 |   4866 |    391 |    109 |   3700 |   8 |  657.1 |
       Dungeon |   5256 |   4865 |    391 |    109 |   3700 |   7 |  750.9 |
        Temple |      1 |      1 |      0 |      0 |      0 |   1 |    1.0 |
               +--------+--------+--------+--------+--------+-----+--------+

Top non-repeatable levels by time:
     D:4: 1185 daAuts
     D:6: 975 daAuts
     D:3: 859 daAuts
     D:1: 809 daAuts
     D:5: 748 daAuts
     D:2: 633 daAuts
     D:7: 44 daAuts
  Temple: 1 daAuts
